 Dungeon Crawl Stone Soup version 0.28-a0-802-g09f76e8c00 (webtiles) character file.

Game seed: 567413625167555641

11425 rogsnak the Destroyer (level 11, -3/77 HPs)
             Began as a Barachi Earth Elementalist on Nov 7, 2021.
             Was a Believer of Sif Muna.
             Slain by an unseen horror (6 damage)
             ... on level 11 of the Dungeon.
             The game lasted 00:34:06 (13059 turns).

rogsnak the Destroyer (Barachi Earth Elementalist) Turns: 13059, Time: 00:34:06

Health: -3/77      AC: 14    Str:  9    XL:     11   Next: 77%
Magic:  10/34      EV: 12    Int: 26    God:    Sif Muna [**....]
Gold:   750        SH:  0    Dex: 12    Spells: 22/30 levels left

rFire   . . .      SeeInvis .   F - staff of earth
rCold   . . .      Faith    .   (no shield)
rNeg    . . .      Spirit   .   P - +3 leather armour
rPois   .          Reflect  .   f - +1 hat
rElec   .          Harm     .   K - +0 cloak
rCorr   .          Rampage  .   m - +1 pair of gloves {Stlth+}
Will    .....                   v - +2 pair of boots {Fly}
Stlth   +++.......              E - amulet of magic regeneration
HPRegen 0.22/turn               w - +6 ring of intelligence
MPRegen 0.49/turn               l - ring of magical power

@: marked, flying, very slightly contaminated, invisible, slow
A: amphibious, slowness 1, strong legs 1, +LOS
a: Hop, Renounce Religion, Channel Magic


You were on level 11 of the Dungeon.
You worshipped Sif Muna.
Sif Muna was pleased with you.
You visited 2 branches of the dungeon, and saw 12 of its levels.
You also visited: Gauntlet.

You collected 750 gold pieces.

Inventory:

Hand Weapons
 a - a +2 dagger of draining
 y - a +1 short sword of venom
 X - a +4 great sword of freezing
Missiles
 n - 7 datura-tipped darts
 u - 26 poisoned darts
 M - a curare-tipped dart
Armour
 f - a +1 hat (worn)
 m - a +1 pair of gloves of stealth (worn)
 v - a +2 pair of boots of flying (worn)
 H - a +0 robe of positive energy
 K - a +0 cloak (worn)
 P - a +3 leather armour (worn)
Magical Staves
 g - a staff of air
 F - a staff of earth (weapon)
 G - a staff of fire
Jewellery
 b - a ring of wizardry
 c - the ring "Toxihumm" {Will+ Dex+2}
   (You found it in a Gauntlet)

   [ring of willpower]

   Dex:       It affects your dexterity (+2).
   Will:      It increases your willpower.
 j - a ring of poison resistance
 l - a ring of magical power (right hand)
 w - a +6 ring of intelligence (left hand)
 x - a +4 ring of protection
 E - an amulet of magic regeneration (around neck)
 N - the ring "Omioqec" {rPois rC- rN++ Dex+3}
   (You took it off a minotaur in a Gauntlet)

   [ring of poison resistance]

   Dex:       It affects your dexterity (+3).
   rC:        It makes you vulnerable to cold.
   rPois:     It protects you from poison.
   rN:        It greatly protects you from negative energy.
 U - a ring of positive energy
Wands
 O - a wand of iceblast (8)
 S - a wand of acid (8)
 Y - a wand of paralysis (8)
 Z - a wand of flame (12)
Scrolls
 d - 4 scrolls of teleportation {unknown}
 o - a scroll of immolation {unknown}
 q - 4 scrolls of enchant armour {unknown}
 r - 3 scrolls of fear {unknown}
 t - 5 scrolls of noise
 A - a scroll of holy word {unknown}
 B - 2 scrolls of enchant weapon {unknown}
 D - 2 scrolls of fog {unknown}
 I - 2 scrolls of amnesia {unknown}
 J - a scroll of silence {unknown}
 L - a scroll of vulnerability {unknown}
Potions
 e - 5 potions of brilliance {unknown}
 h - 9 potions of curing {unknown}
 i - 3 potions of mutation {unknown}
 k - 4 potions of flight {unknown}
 p - a potion of haste
 s - 2 potions of resistance {unknown}
 z - 2 potions of magic {unknown}
 C - a potion of lignification
 R - a potion of degeneration
 T - 3 potions of attraction {unknown}
 W - 3 potions of heal wounds {unknown}


   Skills:
 + Level 4.1 Fighting
 + Level 4.5 Armour
 + Level 4.4 Dodging
 - Level 2.0 Stealth
 + Level 10.2 Spellcasting
 + Level 11.2 Conjurations
 - Level 1.1 Transmutations
 + Level 10.1 Earth Magic
 + Level 0.3 Evocations


You had 22 spell levels left.
You knew the following spells:

 Your Spells              Type           Power      Damage    Failure   Level
a - Sandblast             Erth           100%       2d20      1%          1
b - Stone Arrow           Conj/Erth      100%       3d13      1%          3
c - Petrify               Tmut/Erth      59%        N/A       6%          4

Your spell library contained the following spells:

 Spells                   Type           Power      Damage    Failure   Level
 Magic Dart               Conj           100%       1d8       1%          1
 Passwall                 Tmut/Erth      49%        N/A       1%          2
 Searing Ray              Conj           100%       2d8       1%          2
 Lee's Rapid Deconstruct  Erth           39%        3d20*     2%          5
 Sting                    Tmut/Pois      64%        1d6       4%          1
 Animate Skeleton         Necr           26%        N/A       6%          1
 Freeze                   Ice            52%        1d7       6%          1
 Pain                     Necr           52%        1d6       6%          1
 Slow                     Hex            52%        N/A       6%          1
 Fulminant Prism          Conj/Hex       21%        3d13      6%          4
 Hailstorm                Conj/Ice       42%        3d10      6%          4
 Leda's Liquefaction      Hex/Erth       28%        N/A       8%          4
 Confusing Touch          Hex            13%        N/A       19%         3
 Frozen Ramparts          Ice            26%        1d4       19%         3
 Portal Projectile        Hex/Tloc       26%        N/A       19%         3
 Vampiric Draining        Necr           13%        2d6       19%         3
 Statue Form              Tmut/Erth      39%        N/A       67%         6
 Blade Hands              Tmut           9%         N/A       71%         5
 Yara's Violent Unravell  Hex/Tmut       8%         3d5       80%         5
 Excruciating Wounds      Necr           6%         N/A       86%         5


Dungeon Overview and Level Annotations

Branches:
Dungeon (11/15)            Temple (1/1) D:6            Lair (0/6) D:11
    Orc (0/2) D:11        Gauntlet (visited)

Altars:
Ashenzari
Cheibriados
Dithmenos
Elyvilon
Fedhas
Gozag
Hepliaklqana
Kikubaaqudgha
Makhleb
Nemelex Xobeh
Okawaru
Qazlal
Ru
Sif Muna
Trog
Uskayaw
Vehumet
Wu Jian
Xom
Yredelemnul
Zin
The Shining One

Annotations:
D:9 1 runed translucent door, SolCadguy's ghost, novice MfIE


Innate Abilities, Weirdness & Mutations

You are amphibious.
You cover ground slowly.
You can hop short distances.
You have an extended range of vision and can be seen from far away.


Message History

Okay, then.
Something hits you but does no damage. x2; Something hits you.
Casting: Stone Arrow (safe; 1% risk of failure)
Confirm with . or Enter, or press ? or * to list all spells.
Aiming: Petrify (dangerous; 6% risk of failure)
Press: ? - help, Shift-Dir - straight line You feel a surge of power!
You miscast Petrify.
You are very lightly contaminated with residual magic.
You are blasted with sand.
Something hits you but does no damage. Something barely misses you.
Something hits you.
* * * LOW HITPOINT WARNING * * *
Unknown command.
Something hits you!
* * * LOW HITPOINT WARNING * * *
Something hits you but does no damage.
Unknown command.
Something hits you.
* * * LOW HITPOINT WARNING * * *
Something hits you but does no damage. Something barely misses you.
Unknown command.
Something hits you.
* * * LOW HITPOINT WARNING * * *
Something hits you but does no damage. x2
Unknown command.
Something hits you but does no damage. Something hits you.
* * * LOW HITPOINT WARNING * * *
Unknown command.
Okay, then.
Okay, then.
Okay, then.
As you read the scroll labelled WEX UTOCRIDEO, it crumbles to dust.
You hear a loud clanging noise!
It was a scroll of noise.
Something hits you but does no damage. Something hits you.
* * * LOW HITPOINT WARNING * * *
Something hits you but does no damage.
Unknown command.
You fade into invisibility!
Something hits you.
You die...

#..'...#y#._w,#..>..###.##
#†##..r###.w),##.##>(.#...
##.##....#...)*#....#.∩###.
#...#........)*##...##..##.
#..†##.......#####..###....
#....##....###.# #...#####.
#....)###### #.# ##...###..
#..........###.# ###......#
#.......##@....###.........
#.......####.......#.######
##########......####.# ###
#.#..#)..##.####..
#.#.####......)... ###...#
#..##..##.. ***#...###
#..###..### #....#.#
##..####.## ####.####.#
##....# #..#


There were no monsters in sight!

Vanquished Creatures
  A minotaur (Gauntlet)
  3 two-headed ogres
  A sun demon (Gauntlet)
  A glowing orange brain (Gauntlet)
  An ugly thing (Gauntlet)
  A cyclops (D:10)
  A hellion (Gauntlet)
  2 ice devils (D:11)
  4 trolls
  Sigmund (D:5)
  3 shadows
  A wraith (D:8)
  5 yaks (D:9)
  3 vampire mosquitoes
  A hell hound (Gauntlet)
  2 water moccasins (D:9)
  3 orc warriors
  2 necrophages
  6 centaurs
  4 ogres
  2 kobold brigands
  A bullfrog (D:8)
  2 scorpions
  9 wights (D:7)
  A bullfrog zombie (D:6)
  A hound (D:6)
  3 orc priests
  3 centaur skeletons
  4 centaur zombies
  Terence (D:2)
  An iguana (D:4)
  5 orc wizards
  2 killer bee zombies
  A hound zombie (D:5)
  8 gnolls
  A howler monkey skeleton (D:7)
  7 adders
  3 shadow imps
  A white imp (D:7)
  6 worms
  A dart slug (D:4)
  26 orcs
  8 ball pythons
  6 bats
  7 endoplasms
  5 goblins
  6 hobgoblins
  21 kobolds
  7 quokkas
  8 frilled lizards
  7 rats
210 creatures vanquished.

Vanquished Creatures (others)
  2 fungi (D:9)
  6 plants (D:9)
8 creatures vanquished.

Grand Total: 218 creatures vanquished

Notes
Turn   | Place    | Note
-------+----------+-------------------------------------------
     0 | D:1      | rogsnak the Barachi Earth Elementalist began the quest for
                  | the Orb.
     0 | D:1      | Reached XP level 1. HP: 13/13 MP: 3/3
   462 | D:1      | Reached XP level 2. HP: 19/19 MP: 5/5
   538 | D:1      | Found a faded altar of an unknown god.
   547 | D:1      | Got Plato's Incunabulum of Intoxication
  1341 | D:1      | Reached XP level 3. HP: 25/25 MP: 4/7
  1345 | D:1      | Learned a level 3 spell: Stone Arrow
  2265 | D:2      | Reached XP level 4. HP: 31/31 MP: 8/8
  2271 | D:2      | You fall into a shaft and drop 1 floor!
  2292 | D:3      | Noticed Terence
  2808 | D:2      | Killed Terence
  2809 | D:2      | Reached skill level 1 in Fighting
  2809 | D:2      | Reached skill level 1 in Conjurations
  3343 | D:3      | Reached XP level 5. HP: 34/37 MP: 9/9
  4337 | D:3      | Found a bloodstained altar of Trog.
  5020 | D:4      | Reached skill level 2 in Conjurations
  5020 | D:4      | Reached XP level 6. HP: 44/44 MP: 11/11
  5157 | D:4      | Noticed a necrophage
  5168 | D:4      | Killed a necrophage
  5561 | D:5      | Entered Level 5 of the Dungeon
  5649 | D:5      | Reached skill level 3 in Conjurations
  5649 | D:5      | Reached XP level 7. HP: 50/50 MP: 12/12
  5733 | D:5      | Reached skill level 5 in Earth Magic
  6189 | D:5      | Reached skill level 4 in Conjurations
  6581 | D:5      | Noticed Sigmund
  6586 | D:5      | Killed Sigmund
  6587 | D:5      | Reached skill level 5 in Spellcasting
  6587 | D:5      | Reached skill level 5 in Conjurations
  6587 | D:5      | Reached XP level 8. HP: 56/56 MP: 15/15
  7051 | D:6      | Noticed a two-headed ogre
  7071 | D:6      | Killed a two-headed ogre
  7072 | D:6      | Reached skill level 6 in Conjurations
  7072 | D:6      | Reached XP level 9. HP: 30/61 MP: 11/17
  7260 | D:6      | Found a hide-covered altar of Uskayaw.
  7617 | D:6      | Found a staircase to the Ecumenical Temple.
  7627 | Temple   | Entered the Ecumenical Temple
  7696 | Temple   | Became a worshipper of Sif Muna the Loreminder
  7842 | D:7      | Found a hazy altar of Hepliaklqana.
  7879 | D:7      | Found a white marble altar of Elyvilon.
  8017 | D:7      | Reached skill level 7 in Conjurations
  8591 | D:7      | Found a broken altar of Ashenzari.
  8873 | D:7      | Reached skill level 8 in Conjurations
  9302 | D:8      | Reached * piety under Sif Muna
  9368 | D:8      | Paralysed by an orc for 5 turns
  9616 | D:8      | Reached skill level 9 in Conjurations
  9827 | D:8      | Reached XP level 10. HP: 60/67 MP: 20/20
 10162 | D:9      | Found a runed translucent door.
 10204 | D:9      | Noticed SolCadguy's ghost (novice MfIE)
 10204 | D:9      | Identified the +9 spear of Zuikk {flame, Str-2 SInv Stlth+}
 10387 | D:9      | Noticed a two-headed ogre
 10413 | D:9      | Killed a two-headed ogre
 10707 | D:9      | Learned a level 4 spell: Petrify
 10906 | D:9      | Found a snail-covered altar of Cheibriados.
 11183 | D:10     | Entered Level 10 of the Dungeon
 11214 | D:10     | Noticed a gargoyle
 11288 | D:10     | Reached skill level 10 in Conjurations
 11865 | D:10     | Reached XP level 11. HP: 73/75 MP: 18/24
 12017 | D:10     | Noticed a two-headed ogre
 12050 | D:10     | Killed a two-headed ogre
 12126 | D:11     | Noticed a cyclops
 12131 | D:10     | Killed a cyclops
 12158 | D:11     | Found a gate leading to a gauntlet.
 12184 | Gauntlet | Entered a Gauntlet
 12184 | Gauntlet | Noticed a brown ugly thing
 12184 | Gauntlet | Noticed a glowing orange brain
 12184 | Gauntlet | Found a transporter.
 12186 | Gauntlet | Found a transporter.
 12187 | Gauntlet | Found a transporter.
 12191 | Gauntlet | Found a transporter.
 12192 | Gauntlet | Found a transporter.
 12194 | Gauntlet | Found a transporter.
 12200 | Gauntlet | Found a runed translucent gate.
 12201 | Gauntlet | Found a runed translucent gate.
 12202 | Gauntlet | Found a transporter.
 12203 | Gauntlet | Noticed a sun demon
 12204 | Gauntlet | Found a transporter.
 12205 | Gauntlet | Found a runed translucent gate.
 12222 | Gauntlet | Found the +2 ratskin cloak {*Rats rPois rN+ Str-1 Int-1
                  | Dex+1}
 12258 | Gauntlet | Found a transporter.
 12259 | Gauntlet | Noticed a swamp dragon
 12260 | Gauntlet | a swamp dragon changed into a wind drake
 12269 | Gauntlet | Noticed a shining eye
 12270 | Gauntlet | Noticed a moth of wrath
 12270 | Gauntlet | a guardian serpent changed into a moth of wrath
 12276 | Gauntlet | Found a transporter.
 12279 | Gauntlet | Noticed a glowing shapeshifter
 12279 | Gauntlet | a moth of wrath changed into a glowing shapeshifter
 12280 | Gauntlet | Noticed a deep troll
 12280 | Gauntlet | a glowing shapeshifter changed into a deep troll
 12280 | Gauntlet | a deep troll changed into a dream sheep
 12283 | Gauntlet | Found a transporter.
 12288 | Gauntlet | Found a transporter.
 12290 | Gauntlet | Noticed a faun
 12290 | Gauntlet | a dream sheep changed into a faun
 12290 | Gauntlet | a shining eye changed into a slime creature
 12296 | Gauntlet | Noticed a faun
 12297 | Gauntlet | Noticed a deep troll
 12297 | Gauntlet | a faun changed into a deep troll
 12300 | Gauntlet | Noticed an anaconda
 12300 | Gauntlet | a deep troll changed into an anaconda
 12301 | Gauntlet | Noticed a boulder beetle
 12301 | Gauntlet | an anaconda changed into a boulder beetle
 12308 | Gauntlet | Noticed a satyr
 12308 | Gauntlet | a boulder beetle changed into a satyr
 12313 | Gauntlet | Noticed an ettin
 12313 | Gauntlet | a satyr changed into an ettin
 12314 | Gauntlet | Noticed a bunyip
 12314 | Gauntlet | an ettin changed into a bunyip
 12338 | Gauntlet | Killed a brown ugly thing
 12347 | Gauntlet | Killed a glowing orange brain
 12350 | Gauntlet | Noticed a swamp dragon
 12350 | Gauntlet | Noticed a two-headed ogre
 12351 | Gauntlet | a swamp dragon changed into a guardian serpent
 12369 | Gauntlet | Noticed a manticore
 12371 | Gauntlet | Identified the ring "Toxihumm" {Will+ Dex+2}
 12371 | Gauntlet | Noticed a mana viper
 12371 | Gauntlet | a blink frog changed into a mana viper
 12384 | Gauntlet | Identified a scroll of acquirement
 12385 | Gauntlet | Acquired a +1 pair of gloves of stealth
 12400 | Gauntlet | Killed a sun demon
 12651 | Gauntlet | Identified the ring "Omioqec" {rPois rC- rN++ Dex+3}
 12651 | Gauntlet | Noticed a minotaur
 12658 | Gauntlet | Killed a minotaur
 12658 | Gauntlet | Reached ** piety under Sif Muna
 12659 | Gauntlet | Reached skill level 11 in Conjurations
 12659 | Gauntlet | Reached skill level 10 in Earth Magic
 12789 | D:11     | Reached skill level 10 in Spellcasting
 13022 | D:11     | Noticed a moth of wrath
 13023 | D:11     | Found a bloodstained altar of Trog.
 13058 | D:11     | HP: 3/77 [something (5)]
 13059 | D:11     | Slain by an unseen horror

Illustrated notes

Levels and vault maps discovered:
D:1:      scummos_arrival_star, layout_basic,
          shapermc_ecumenical_altar_rom_forum
D:2:      layout_loops_ring, minmay_pentomino_t2
D:3:      minmay_recursive_quarters, layout_basic,
          lemuel_coloured_pillars_altar, hangedman_decor_peaks_small,
          uniq_terence
D:4:      layout_basic
D:5:      layout_layer_cave, nrook_mini_backslash,
          hangedman_decor_diamond_cutter, uniq_sigmund
D:6:      layout_rooms, mainiacjoe_overflow_small_starburst,
          minmay_temple_entry_wispy
D:7:      layout_cave_pods, old_standard_altar, amcnicky_altar_gilded,
          kennysheep_little_box, corexii_corridor_pit, glass_columns_a,
          eino_curves_01
D:8:      layout_basic
D:9:      layout_basic, kennysheep_mini, ebering_ghost_funeral_grove
D:10:     layout_roguey
D:11:     layout_rooms, david_lair_shrubbed, gauntlet_entry_generic,
          portal_ice_cave_demonic_guard, tgw_trog
Temple:   nicolae_temple_elliptical

Skill      XL: |  1  2  3  4  5  6  7  8  9 10 11 |
---------------+----------------------------------+-----
Stealth        | 2 |  2.0
Fighting       | 1 2 3 4 |  4.1
Dodging        | 3 4 |  4.4
Conjurations   | 1 2 3 5 6 9 10 11 | 11.2
Earth Magic    | 4 5 6 7 9 10 | 10.1
Spellcasting   | 3 5 7 9 10 | 10.2
Armour         | 2 3 4 |  4.5
Transmutations | |  1.1
Evocations     | |  0.3

Action                   |  1- 3 |  4- 6 |  7- 9 | 10-12 || total
-------------------------+-------+-------+-------+-------++-------
Melee: Unarmed           |    16 |       |       |       ||    16
       Dagger            |    92 |   105 |     1 |       ||   198
       Great sword       |       |       |       |    11 ||    11
       Staff             |       |       |       |     5 ||     5
 Cast: Sandblast         |     8 |    12 |       |       ||    20
       Stone Arrow       |       |    27 |   114 |   133 ||   274
       Petrify           |       |       |       |     2 ||     2
 Abil: Hop               |     1 |       |       |       ||     1
Evoke: Wand              |       |       |       |     3 ||     3
  Use: Scroll            |       |       |       |    10 ||    10
       Potion            |       |       |       |     2 ||     2
 Stab: Sleeping          |     4 |     9 |       |       ||    13
Armor: Robe              |    20 |    15 |       |       ||    35
       Leather armour    |       |       |    19 |    59 ||    78
Dodge: Dodged            |    56 |    61 |    22 |    38 ||   177

Table legend: (Time is in decaauts)
 A = Elapsed time spent in this place.
 B = Non-inter-level travel time spent in this place.
 C = Inter-level travel time spent in this place.
 D = Time resting spent in this place.
 E = Time spent auto-exploring this place.
 F = Levels seen in this place.
 G = Mean time per level.
                   A        B        C        D        E       F      G
               +--------+--------+--------+--------+--------+-----+--------+
         Total |  14593 |  14289 |    304 |   2623 |   8440 |  13 | 1122.5 |
       Dungeon |  13925 |  13621 |    304 |   2405 |   8374 |  11 | 1265.9 |
        Temple |    109 |    109 |      0 |      0 |     66 |   1 |  109.0 |
      Gauntlet |    559 |    559 |      0 |    218 |      0 |   1 |  559.0 |
               +--------+--------+--------+--------+--------+-----+--------+

Top non-repeatable levels by time:
     D:1: 1816 daAuts
     D:3: 1724 daAuts
     D:5: 1544 daAuts
     D:7: 1445 daAuts
     D:9: 1431 daAuts
     D:4: 1355 daAuts
     D:2: 1275 daAuts
    D:10: 1028 daAuts
     D:8: 961 daAuts
     D:6: 874 daAuts
Gauntlet: 559 daAuts
    D:11: 468 daAuts
  Temple: 109 daAuts
